 Dungeon Sprint DCSS version 0.31-a0-331-geda263fcf1 (webtiles) character file.

Game seed: 5595847222887373877

2334 dialectric the Imperceptible (level 9, -1/48 HPs)
             Began as a Spriggan Brigand on July 19, 2023.
             Was a Believer of Dithmenos.
             Slain by a deep troll (12 damage)
             ... in the Dungeon (Sprint I: "Red Sonja").
             The game lasted 00:02:30 (243 turns).

dialectric the Imperceptible (Spriggan Brigand)      Turns: 243, Time: 00:02:31

Health: -1/48      AC:  3    Str:  7    XL:     9   Next: 19%
Magic:  10/10      EV: 20    Int: 19    God:    Dithmenos [**....]
Gold:   513        SH:  0    Dex: 20    Spells: 8/8 levels left

rFire   . . .        n - +2 dagger (distort)
rCold   . . .        (no shield)
rNeg    . . .        b - +0 robe
rPois   .            (helmet restricted)
rElec   .            c - +0 cloak
rCorr   .            (gloves unavailable)
SInv    +            (boots unavailable)
Will    +....        (no amulet) Stlth **++++++++
                     m - +6 ring of intelligence
HPRegen 0.28/turn    (no ring)
MPRegen 0.12/turn

%: no teleportation
@: wreathed by umbra, very quick
A: very small, no large weapons, unfitting armour, see invisible, speed 3
a: Renounce Religion, Shadow Step


You were in the Dungeon.
You worshipped Dithmenos.
Dithmenos was pleased with you.
You visited 1 branch You collected 513 gold pieces.

Inventory:

Hand Weapons
 a - a +2 dagger
 n - a +2 dagger of distortion (weapon)
Missiles
 d - 7 poisoned darts (quivered)
Armour
 b - a +0 robe (worn)
 c - a +0 cloak (worn)
Jewellery
 m - a +6 ring of intelligence (left hand)
Wands
 l - a wand of roots (2)
Scrolls
 k - a scroll of blinking
Potions
 f - a potion of curing
 g - a potion of heal wounds
 h - a potion of haste
 i - 2 potions of magic
 j - a potion of berserk rage


   Skills:
 + Level 5.7 Fighting
 - Level 8.0 Short Blades
 - Level 2.5 Throwing
 + Level 5.4 Dodging
 + Level 26.3 Stealth
 - Level 3.0 Evocations


You had 8 spell levels left.
You didn't know any spells.
Your spell library was empty.

Dungeon Overview and Level Annotations

Branches:
Dungeon (1/1)

Altars:
Cheibriados
Dithmenos
Elyvilon
Fedhas
Gozag
Hepliaklqana
Kikubaaqudgha
Makhleb
Nemelex Xobeh
Okawaru
Qazlal
Ru
Sif Muna
Trog
Uskayaw
Vehumet
Wu Jian
Xom
Yredelemnul
Zin
The Shining One
Jiyva
Lugonu

Shops:
D [


Innate Abilities, Weirdness & Mutations

You are very small and have problems with some larger weapons.
You are too small for most types of armour.
You have supernaturally acute eyesight. (SInv)
You cover ground extremely quickly. (Speed+++)


Message History

Press: ? - help, Shift-Dir - straight line, f/p - deep troll
Aim: a deep troll (lightly wounded, poisoned, slow, umbra)
The roots erupt in riotous growth!
Roots grab the deep troll.
The grasping roots constrict the deep troll!
The deep troll struggles to escape constriction.
Unknown command.
Throw: dart (curare)
Press: ? - help, Q - select action, (/) - cycle Shift-Dir - straight line, f/p - deep troll
Aim: a deep troll (moderately wounded, poisoned, slow, constricted by roots, umbra, 94% to hit)
You throw a curare-tipped dart.
The curare-tipped dart hits the deep troll.
The deep troll looks even sicker.
The deep troll convulses.
The deep troll seems to be slow for longer.
The deep troll is moderately wounded.
The grasping roots constrict the deep troll!
Unknown command.
Unknown command.
Unknown command.
Unknown command.
Unknown command.
Throw: 9 darts (poison)
Press: ? - help, Q - select action, (/) - cycle Shift-Dir - straight line, f/p - deep troll
Aim: a deep troll (heavily wounded, very poisoned, slow, constricted by roots, umbra, 94% to hit)
You throw a poisoned dart. The poisoned dart hits the deep troll.
The deep troll looks as sick as possible!
The deep troll is heavily wounded.
The grasping roots constrict the deep troll.
The roots release their grip on the deep troll.
Throw: 8 darts (poison)
Press: ? - help, Q - select action, (/) - cycle Shift-Dir - straight line, f/p - deep troll
Aim: a deep troll (severely wounded, extremely poisoned, slow, umbra, 63% to hit)
You throw a poisoned dart. The poisoned dart hits the deep troll!
The deep troll looks as sick as possible!
The deep troll is severely wounded.
The deep troll bites you!!
Ouch! That really hurt!
* * * LOW HITPOINT WARNING * * *
The deep troll claws you!
You die...

##########################
#<.#.)'..#.)'..#__#..+s..#
#..'..#.)'..#..'..'..#.s.##+#
#..#####'#####'#__####...s..#
#..####..#...#)#### #####..+
#..#__####..##.# +##
#..#_____##'#_.+
#⌠⌠#_.∩..†'.)@_#
####_..__##_T#'#
#_____###(#)#
#########.####+###
+...'($.$$+ #..(####### ##(##
#+#


You could see a deep troll (extremely poisoned, slow).

Vanquished Creatures
  A demonic crawler (D)
  Sonja (D)
  2 kobold demonologists (D)
  A slime creature (D)
  Sigmund (D)
  A yak (D)
  A floating eye (D)
  An ogre (D)
  A jelly (D)
  Ijyb (D)
11 creatures vanquished.

Notes
Turn   | Place    | Note
-------+----------+-------------------------------------------
     0 | D        | dialectric the Spriggan Brigand began the quest for the
                  | Orb.
     0 | D        | Reached XP level 1. HP: 10/10 MP: 2/2
     5 | D        | Noticed Ijyb
     7 | D        | Killed Ijyb
     8 | D        | Reached skill level 9 in Stealth
     8 | D        | Reached XP level 2. HP: 15/15 MP: 3/3
    12 | D        | Noticed an ogre
    14 | D        | Killed an ogre
    15 | D        | Reached skill level 13 in Stealth
    15 | D        | Reached XP level 3. HP: 19/19 MP: 4/4
    15 | D        | Reached XP level 4. HP: 23/23 MP: 5/5
    26 | D        | Noticed Sigmund
    28 | D        | Killed Sigmund
    29 | D        | Reached skill level 17 in Stealth
    29 | D        | Reached XP level 5. HP: 28/28 MP: 6/6
    42 | D        | Found a shimmering blue altar of Sif Muna.
    43 | D        | Found an ornate altar of the Wu Jian Council.
    44 | D        | Found a radiant altar of Vehumet.
    50 | D        | Reached XP level 6. HP: 32/32 MP: 7/7
    68 | D        | Found Xuelauqa's Armour Emporium.
    68 | D        | Found an ancient bone altar of Kikubaaqudgha.
    68 | D        | Found a hazy altar of Hepliaklqana.
    68 | D        | Found a hide-covered altar of Uskayaw.
    68 | D        | Found a basalt altar of Yredelemnul.
    68 | D        | Found an opulent altar of Gozag.
    68 | D        | Found a snail-covered altar of Cheibriados.
    68 | D        | Found a sacrificial altar of Ru.
    68 | D        | Found a shadowy altar of Dithmenos.
    68 | D        | Noticed a yak
    69 | D        | Found a stormy altar of Qazlal.
    69 | D        | Found a blossoming altar of Fedhas.
    69 | D        | Found a bloodstained altar of Trog.
    69 | D        | Found an iron altar of Okawaru.
    69 | D        | Found a glowing golden altar of the Shining One.
    69 | D        | Found a glowing silver altar of Zin.
    69 | D        | Found a white marble altar of Elyvilon.
    70 | D        | Killed a yak
    71 | D        | Reached skill level 5 in Short Blades
    71 | D        | Reached skill level 19 in Stealth
    71 | D        | Found a sparkling altar of Nemelex Xobeh.
    77 | D        | Became a worshipper of Dithmenos the Shadowed
    93 | D        | Found a burning altar of Makhleb.
    93 | D        | Found a shimmering altar of Xom.
    93 | D        | Noticed a slime creature
    94 | D        | Found a viscous altar of Jiyva.
    94 | D        | Found a corrupted altar of Lugonu.
    96 | D        | Killed a slime creature
    97 | D        | Reached skill level 20 in Stealth
    97 | D        | Reached XP level 7. HP: 38/38 MP: 8/8
   109 | D        | Noticed a kobold demonologist
   110 | D        | Noticed a kobold demonologist
   113 | D        | Reached skill level 21 in Stealth
   113 | D        | Noticed a hellwing
   116 | D        | Noticed a hellwing
   145 | D        | Noticed a chaos spawn
   145 | D        | Killed a kobold demonologist
   145 | D        | Reached * piety under Dithmenos
   146 | D        | Reached skill level 22 in Stealth
   146 | D        | Reached skill level 1 in Evocations
   158 | D        | Noticed a sixfirhy
   160 | D        | Killed a kobold demonologist
   161 | D        | Reached skill level 5 in Fighting
   161 | D        | Reached skill level 23 in Stealth
   161 | D        | Reached XP level 8. HP: 40/43 MP: 9/9
   187 | D        | Noticed a demonic crawler
   187 | D        | Noticed a demonic crawler
   187 | D        | Noticed a demonic crawler
   187 | D        | Noticed a demonic crawler
   189 | D        | Killed a demonic crawler
   189 | D        | Reached ** piety under Dithmenos
   190 | D        | Reached skill level 5 in Dodging
   190 | D        | Reached skill level 25 in Stealth
   207 | D        | Noticed Sonja
   211 | D        | Killed Sonja
   212 | D        | Reached skill level 26 in Stealth
   212 | D        | Reached XP level 9. HP: 48/48 MP: 10/10
   224 | D        | Noticed a deep troll
   243 | D        | Slain by a deep troll

Illustrated notes

Levels and vault maps discovered:
D:        dungeon_sprint_1 [red_sonja_temple_1, red_sonja_temple_small_1]

Skill      XL: |  1  2  3  4  5  6  7  8 |
---------------+-------------------------+-----
Fighting       | 2 3 4 5 |  5.7
Stealth        | 9 13 17 20 23 26 | 26.3
Short Blades   | 3 4 5 6 8 |  8.0
Dodging        | 2 3 4 5 |  5.4
Evocations     | 1 3 |  3.0
Throwing       | |  2.5

Action                     |  1- 3 |  4- 6 |  7- 9 || total
---------------------------+-------+-------+-------++-------
  Melee: Dagger            |     2 |     4 |    14 ||    20
  Throw: Dart              |       |       |    11 ||    11
  Evoke: Wand              |       |       |     4 ||     4
   Stab: Sleeping          |     2 |     4 |     3 ||     9
 Armour: Robe              |       |       |     2 ||     2
  Dodge: Dodged            |       |       |     8 ||     8

Table legend: (Time is in decaauts)
 A = Elapsed time spent in this place.
 B = Non-inter-level travel time spent in this place.
 C = Inter-level travel time spent in this place.
 D = Time resting spent in this place.
 E = Time spent auto-exploring this place.
 F = Levels seen in this place.
 G = Mean time per level.
                   A        B        C        D        E       F      G
               +--------+--------+--------+--------+--------+-----+--------+
         Total |    173 |    173 |      0 |      2 |      0 |   1 |  173.0 |
       Dungeon |    173 |    173 |      0 |      2 |      0 |   1 |  173.0 |
               +--------+--------+--------+--------+--------+-----+--------+

Top non-repeatable levels by time:
       D: 173 daAuts
